 Dungeon Crawl Stone Soup version 0.28-a0-390-gb254ac4902 (webtiles) character file.

Game seed: 9218814994838170601

26 Sweetruy1997 the Skirmisher (level 2, 0/24 HPs)
             Began as a Demonspawn Chaos Knight on Sept 3, 2021.
             Was a Plaything of Xom.
             Succumbed to a scorpion's poison
             ... on level 1 of the Dungeon.
             The game lasted 00:02:24 (967 turns).

Sweetruy1997 the Skirmisher (DsCK)                   Turns: 967, Time: 00:02:25

Health: 0/24       AC:  5    Str: 12    XL:     2   Next: 89%
Magic:  1/2        EV: 11    Int: 13    God:    Xom [....*.]
Gold:   14         SH:  0    Dex: 12    Spells: 1/1 levels left

rFire   . . .      SeeInvis .   a - +0 hand axe (chaos)
rCold   . . .      Faith    .   (no shield)
rNeg    . . .      Spirit   +   b - +2 leather armour
rPois   .          Reflect  .   (no helmet)
rElec   .          Harm     .   (no cloak)
rCorr   .          Rampage  .   (no gloves)
Will    .....                   (no boots)
Stlth   +.........              f - amulet of guardian spirit
HPRegen 0.08/turn               (no ring)
MPRegen 0.08/turn               (no ring)

@: lethally poisoned (0 -> -7), flying
A: spiny 1
a: Renounce Religion


You were on level 1 of the Dungeon.
You worshipped Xom.
You were a beloved toy of Xom.
You visited 1 branch of the dungeon, and saw 2 of its levels.

You collected 14 gold pieces.

Inventory:

Hand Weapons
 a - a +0 hand axe of chaos (weapon)
Armour
 b - a +2 leather armour (worn)
Jewellery
 f - an amulet of guardian spirit (around neck)


   Skills:
 + Level 3.6 Fighting
 + Level 3.1 Axes
 - Level 2.0 Armour
 + Level 0.9 Dodging


You had one spell level left.
You didn't know any spells.
Your spell library contained the following spells:

 Spells                   Type           Power      Damage    Failure   Level
 Magic Dart               Conj           0%         1d3       36%         1
 Searing Ray              Conj           0%         3d3       52%         2
 Fulminant Prism          Conj/Hex       0%         3d6       98%         4


Dungeon Overview and Level Annotations

Branches:
Dungeon (2/15)

Altars:


Innate Abilities, Weirdness & Mutations

You are partially covered in sharp spines.


Message History

You feel very sick. The scorpion stings you.
You closely miss the scorpion.
You feel very sick. The scorpion stings you.
It was a potion of flight.
You feel very buoyant.
You fly up into the air.
You feel sick. The scorpion is struck by your spines.
The scorpion barely misses you. x2
It was a potion of curing.
You feel better.
The scorpion stings you but does no damage.
You see here a scroll labelled NUGAUXK KUFIKA.
The scorpion closely misses you.
Found a pearl ring.
There is an escape hatch in the ceiling here.
The scorpion stings you.
You are poisoned.
The scorpion poisons you! The scorpion barely misses you.
A mysterious force pulls you upwards. The hatch slams shut behind you.
You feel very sick.
You feel sick.
You hit the scorpion but do no damage.
The scorpion is lightly wounded.
You feel sick. The scorpion stings you.
You barely miss the scorpion.
The scorpion is lightly wounded.
You feel sick. The scorpion is struck by your spines. The scorpion stings you.
* * * LOW HITPOINT WARNING * * *
You are lethally poisoned!
The scorpion poisons you!
You closely miss the scorpion.
The scorpion is moderately wounded.
* * * LOW HITPOINT WARNING * * *
You feel very sick.
The scorpion stings you but does no damage.
The scorpion barely misses you.
You barely miss the scorpion.
The scorpion is moderately wounded.
You die...
Xom thinks this is hilarious!

####...######........##......####
####...# ####.###.#######.####
.......# ####.###.# #.##..
###....#### #......#.#######.##.#
#.........# #..............#.##.#
..........# #..#...#.......#.....
..........# #..#.....##.........#
.##....######..##.......##.######
...............s@..#.......#
..##...#######.#####.#####.#
.....### #.............# ..##.#
###.############# .....## ##...##
......# #.....# .###..#####.....#
....)....##.....#
.#.......###...##


You could see a scorpion.

Vanquished Creatures
  A dart slug (D:1)
  A ball python (D:1)
  3 bats (D:1)
  2 giant cockroaches
  4 goblins
  4 hobgoblins (D:1)
  A kobold (D:1)
  2 quokkas (D:1)
  A rat (D:1)
19 creatures vanquished.

Notes
Turn   | Place    | Note
-------+----------+-------------------------------------------
     0 | D:1      | Sweetruy1997 the Demonspawn Chaos Knight began the quest
                  | for the Orb.
     0 | D:1      | Reached XP level 1. HP: 18/18 MP: 1/1
   199 | D:1      | Found a faded altar of an unknown god.
   227 | D:1      | Gained mutation: You are partially covered in sharp spines.
                  | [demonic ancestry]
   227 | D:1      | Reached XP level 2. HP: 24/24 MP: 2/2
   649 | D:1      | XOM: divination: detect items
   944 | D:2      | Noticed a scorpion
   944 | D:2      | a worm changed into a scorpion
   944 | D:2      | XOM: polymorph worm -> scorpion
   967 | D:1      | Succumbed to a scorpion's poison

Illustrated notes

Levels and vault maps discovered:
D:1:      onia_arrival_mini_spirals, layout_loops_cross,
          dilly_ecumenical_altar_fadedgnrine
D:2:      layout_basic, minmay_tromino_v4_b, uniq_crazy_yiuf_cottage

Skill      XL: |  1  2 |
---------------+-------+-----
Axes           | 3 |  3.1
Armour         | 2 |  2.0
Fighting       | |  3.6
Dodging        | |  0.9

Action                   || total
-------------------------++-------
Melee: Hand axe          ||    54
       Whip              ||     7
  Use: Potion            ||     2
Armor: Leather armour    ||    20
Dodge: Dodged            ||    35

Table legend: (Time is in decaauts)
 A = Elapsed time spent in this place.
 B = Non-inter-level travel time spent in this place.
 C = Inter-level travel time spent in this place.
 D = Time resting spent in this place.
 E = Time spent auto-exploring this place.
 F = Levels seen in this place.
 G = Mean time per level.
                   A        B        C        D        E       F      G
               +--------+--------+--------+--------+--------+-----+--------+
         Total |    974 |    959 |     15 |     11 |    792 |   2 |  487.0 |
       Dungeon |    974 |    959 |     15 |     11 |    792 |   2 |  487.0 |
               +--------+--------+--------+--------+--------+-----+--------+

Top non-repeatable levels by time:
     D:1: 880 daAuts
     D:2: 94 daAuts
